 Dungeon Crawl Stone Soup version 0.25.1-2-g60ff931df9 (webtiles) character file.

Game seed: 9490558689285364022

436 Martska the Skirmisher (level 7, -5/66 HPs)
             Began as a Naga Fighter on Aug 14, 2020.
             Slain by a gnoll
             ... wielding a +0 flail
              (10 damage)
             ... on level 5 of the Dungeon.
             The game lasted 00:09:09 (4768 turns).

Martska the Skirmisher (Naga Fighter)               Turns: 4768, Time: 00:09:10

Health: -5/66      AC:  6    Str: 18    XL:     7   Next: 1%
Magic:  7/7        EV:  6    Int: 11    God:
Gold:   145        SH:  9    Dex: 10    Spells: 6/6 levels left

rFire    . . .     SeeInvis +   r - +0 spear
rCold    + . .     Gourm    .   c - +0 kite shield
rNeg     . . .     Faith    .   b - +0 scale mail
rPois    +         Spirit   .   (no helmet)
rElec    .         Reflect  .   (no cloak)
rCorr    .         Harm     .   (no gloves)
MR       .....                  (no barding)
Stlth    ..........             (no amulet)
HPRegen  0.21/turn              (no ring)
MPRegen  0.10/turn              (no ring)

@: brilliant, very slightly contaminated, very slow
A: large, see invisible, cold resistance 1, deformed body, poison resistance,
slowness 2, slow metabolism 1, spit poison 1, wild magic 1, AC +2
a: Spit Poison


You were on level 5 of the Dungeon.
You were not hungry.

You visited 1 branch of the dungeon, and saw 5 of its levels.

You collected 145 gold pieces.

Inventory:

Hand Weapons
 a - a +0 trident
 r - a +0 spear (weapon)
Armour
 b - a +0 scale mail (worn)
 c - a +0 kite shield (worn)
Wands
 e - a wand of polymorph (7)
Scrolls
 j - a scroll of remove curse
 o - a scroll of identify
 q - 2 scrolls of enchant armour
Potions
 d - a potion of brilliance
 h - 3 potions of magic
 n - a potion of curing
Comestibles
 f - 5 rations


   Skills:
 * Level 4.3 Fighting
 * Level 3.6 Polearms
 + Level 3.1 Armour
 * Level 2.5 Dodging
 * Level 3.5 Shields
 + Level 0.4 Spellcasting


You had 6 spell levels left.
You didn't know any spells.
Your spell library was empty.

Dungeon Overview and Level Annotations

Branches:
Dungeon (5/15)
 Temple: D:4-7

Altars:
Trog

Annotations:
D:4 Edmund, Pikel
D:5 Eustachio


Innate Abilities, Weirdness & Mutations

You cannot wear boots.
Your serpentine skin is tough. (AC +2)
You have supernaturally acute eyesight. (SInv)
Armour fits poorly on your strangely shaped body.
Your system is resistant to poisons. (rPois)
You cover ground very slowly.
You have a slow metabolism.
You can spit poison.
Your flesh is cold resistant. (rC+)
Your spells are a little harder to cast, but a little more powerful.


Message History

The centaur zombie hits you but does no damage.
The worker ant closely misses you.
It was a potion of brilliance.
You feel clever all of a sudden.
You feel sick. The gnoll hits you with a +0 flail.
* * * LOW HITPOINT WARNING * * *
The centaur zombie barely misses you.
Eustachio gestures wildly while chanting.
Eustachio blinks!
You block the worker ant's attack.
It was a potion of curing.
You feel better. The centaur zombie barely misses you.
The gnoll hits you with a +0 flail.
* * * LOW HITPOINT WARNING * * *
The worker ant bites you but does no damage.
Eustachio hits you with a cursed -3 rapier.
* * * LOW HITPOINT WARNING * * *
It was a potion of mutation.
You feel extremely strange.
You feel resistant to cold.
You feel less in control of your magic. You block the centaur zombie's attack.
You block the worker ant's attack. The gnoll hits you with a +0 flail!
You die...

## ..##### ....##
#Z.@# #@.# #ga#
#r5# #h.# #5.#
##### ###.##
.....###....##
.............####
................#


You could see Eustachio (inner flame), a hound (inner flame), a worker ant
(inner flame), a gnoll (inner flame), a white imp (summoned), a shadow imp
(summoned), a centaur zombie and a quokka (summoned, inner flame).

Vanquished Creatures
  A phantom (D:2)
  A scorpion (D:2)
  An orc priest (D:3)
  A worker ant (D:3)
  An iguana (D:3)
  3 orc wizards
  2 adders (D:2)
  An ooze (D:1)
  4 worms
  3 dart slugs
  2 leopard geckos
  17 orcs
  A ball python (D:1)
  8 bats
  5 giant cockroaches
  6 goblins
  9 hobgoblins
  3 frilled lizards
  10 kobolds
  9 rats
88 creatures vanquished.

Notes
Turn   | Place    | Note
-------+----------+-------------------------------------------
     0 | D:1      | Martska the Naga Fighter began the quest for the Orb.
     0 | D:1      | Reached XP level 1. HP: 21/21 MP: 1/1
   129 | D:1      | Reached XP level 2. HP: 24/28 MP: 2/2
   782 | D:1      | Reached XP level 3. HP: 27/34 MP: 3/3
  1237 | D:2      | Noticed a scorpion
  1246 | D:2      | Killed a scorpion
  1246 | D:2      | Reached skill level 1 in Dodging
  1246 | D:2      | Reached XP level 4. HP: 27/42 MP: 4/4
  1499 | D:2      | Noticed a phantom
  1613 | D:2      | Found a bloodstained altar of Trog.
  1662 | D:2      | Killed a phantom
  1662 | D:2      | Reached XP level 5. HP: 10/50 MP: 5/5
  2547 | D:2      | Reached skill level 4 in Fighting
  2568 | D:2      | Reached XP level 6. HP: 46/57 MP: 6/6
  4332 | D:4      | Reached XP level 7. HP: 54/66 MP: 7/7
  4430 | D:4      | Noticed Pikel
  4716 | D:4      | Noticed Edmund
  4748 | D:5      | Entered Level 5 of the Dungeon
  4748 | D:5      | Noticed Eustachio
  4768 | D:5      | Gained mutation: Your flesh is cold resistant. (rC+)
                  | [potion of mutation]
  4768 | D:5      | Gained mutation: Your spells are a little harder to cast,
                  | but a little more powerful. [potion of mutation]
  4768 | D:5      | Slain by a gnoll

Illustrated notes

Levels and vault maps discovered:
D:1:      dpeg_arrival_lava_temple_mockup, layout_basic, minmay_pentomino_w4
D:2:      layout_loops_ring, trog_three_pillars_becter
D:3:      layout_basic
D:4:      layout_rooms, kennysheep_little_box, marbit_many_paths, serial_shops,
          nicolae_shop_stone, chequers_serial_rivers_marsh, uniq_ijyb,
          uniq_pikel, uniq_edmund
D:5:      layout_layer_cave, minitemple, minmay_temple_entry_purple_smoke,
          first_ration, portal_sewer_entry_a, uniq_eustachio

Skill      XL: |  1  2  3  4  5  6 |
---------------+-------------------+-----
Dodging        | 1 2 |  2.5
Polearms       | 3 |  3.6
Shields        | 3 |  3.5
Fighting       | 4 |  4.3
Armour         | 3 |  3.1
Spellcasting   | |  0.4

Action                   |  1- 3 |  4- 6 |  7- 9 || total
-------------------------+-------+-------+-------++-------
Melee: Trident           |    73 |    46 |       ||   119
       Spear             |       |   310 |    69 ||   379
 Abil: Spit Poison       |     1 |    11 |     3 ||    15
Evoke: Wand              |       |       |     1 ||     1
  Use: Potion            |       |     2 |     4 ||     6
       Scroll            |       |     3 |     7 ||    10
  Eat: Chunk             |       |     5 |       ||     5
       Ration            |       |     2 |       ||     2
Armor: Scale mail        |    31 |    97 |    15 ||   143
Dodge: Dodged            |    13 |    71 |    25 ||   109
Block: Kite shield       |    29 |   127 |    31 ||   187
